Workbook
Name А1: #REF!
Name Выбор_1.1: '[1]1.1'!$C$5:$C$8
Name Выбор_1.1: 'Показатель 1.1'!$C$5:$C$7
Name Выбор_1.2: 'Показатель 1.2'!$C$5:$C$7
Name Выбор_1.3: #REF!
Name Выбор_4.1: #REF!
Name Выбор_4.2: '[2]Показатель 4.2'!$C$5:$C$8
Name Выбор_4.3: '[2]Показатель 4.3'!$C$5:$C$7
Name Выбор_4.4: '[2]Показатель 4.4'!$C$6:$C$8
Name Выбор1.1: #REF!
Name Да_нет: #REF!
Name Коэфициент: [2]Параметры!$C$3:$C$4
Name Формат: Параметры!$C$3:$C$4

Sheet Оценка (Этап I)
A1: Оценка муниципальных образований по I этапу «Характеристика первоначально утвержденного бюджета муниципального образования Саратовской области»
A3: Календарный период | B3: 2017 год
A4: Наименование муниципального образования Саратовской обалсти | B4: Итого по I этапу | C4: ='Показатель 1.1'!A1 -> 1.1. Опубликование первоначально принятого решения о бюджете муниципального образования на текущий финансовый год (текущий финансовый год и плановый период), на портале (сайте) | D4: ='Показатель 1.2'!A1 -> 1.2. Опубликование бюджета для граждан, разработанного на основе первоначально принятого решения о бюджете муниципального образования на текущий финансовый год (текущий финансовый год и плановый период), на портале (сайте) | E4: ='Раздел 2'!A1 -> 2.1 Итоговое значение рейтинга открытости и прозрачности муниципальных учреждений
A5: Единица измерения | B5: баллов | C5: баллов | D5: баллов | E5: баллов
A6: Максимальный балл | B6: =SUM(C6:E6) -> 10 | C6: ='Методика I этап'!C9 -> 4 | D6: ='Методика I этап'!C14 -> 3 | E6: ='Методика I этап'!C21 -> 3
A7: Городские округа
A8: г. Саратов | B8: =SUM(C8:E8) -> 7 | C8: ='Показатель 1.1'!J9 -> 4 | D8: ='Показатель 1.2'!H10 -> 1 | E8: ='Раздел 2'!D10 -> 2
A9: ЗАТО Михайловское | B9: =SUM(C9:E9) -> 2 | C9: ='Показатель 1.1'!J10 -> 2 | D9: ='Показатель 1.2'!H11 -> 0 | E9: ='Раздел 2'!D11 -> 0
A10: ЗАТО Светлый | B10: =SUM(C10:E10) -> 1 | C10: ='Показатель 1.1'!J11 -> 1 | D10: ='Показатель 1.2'!H12 -> 0 | E10: ='Раздел 2'!D12 -> 0
A11: ЗАТО Шиханы | B11: =SUM(C11:E11) -> 5 | C11: ='Показатель 1.1'!J12 -> 2 | D11: ='Показатель 1.2'!H13 -> 3 | E11: ='Раздел 2'!D13 -> 0
A12: Муниципальные районы
A13: Александрово-Гайский | B13: =SUM(C13:E13) -> 4 | C13: ='Показатель 1.1'!J14 -> 2 | D13: ='Показатель 1.2'!H15 -> 1 | E13: ='Раздел 2'!D15 -> 1
A14: Аркадакский | B14: =SUM(C14:E14) -> 3.5 | C14: ='Показатель 1.1'!J15 -> 1 | D14: ='Показатель 1.2'!H16 -> 0.5 | E14: ='Раздел 2'!D16 -> 2
A15: Аткарский | B15: =SUM(C15:E15) -> 3 | C15: ='Показатель 1.1'!J16 -> 2 | D15: ='Показатель 1.2'!H17 -> 0 | E15: ='Раздел 2'!D17 -> 1
A16: Базарно-Карабулакский | B16: =SUM(C16:E16) -> 5 | C16: ='Показатель 1.1'!J17 -> 4 | D16: ='Показатель 1.2'!H18 -> 0 | E16: ='Раздел 2'!D18 -> 1
A17: Балаковский | B17: =SUM(C17:E17) -> 7.5 | C17: ='Показатель 1.1'!J18 -> 4 | D17: ='Показатель 1.2'!H19 -> 1.5 | E17: ='Раздел 2'!D19 -> 2
A18: Балашовский | B18: =SUM(C18:E18) -> 3 | C18: ='Показатель 1.1'!J19 -> 2 | D18: ='Показатель 1.2'!H20 -> 1 | E18: ='Раздел 2'!D20 -> 0
A19: Балтайский | B19: =SUM(C19:E19) -> 2 | C19: ='Показатель 1.1'!J20 -> 1 | D19: ='Показатель 1.2'!H21 -> 1 | E19: ='Раздел 2'!D21 -> 0
A20: Вольский | B20: =SUM(C20:E20) -> 3 | C20: ='Показатель 1.1'!J21 -> 2 | D20: ='Показатель 1.2'!H22 -> 0 | E20: ='Раздел 2'!D22 -> 1
A21: Воскресенский | B21: =SUM(C21:E21) -> 2.5 | C21: ='Показатель 1.1'!J22 -> 2 | D21: ='Показатель 1.2'!H23 -> 0.5 | E21: ='Раздел 2'!D23 -> 0
A22: Дергачевский | B22: =SUM(C22:E22) -> 3 | C22: ='Показатель 1.1'!J23 -> 2 | D22: ='Показатель 1.2'!H24 -> 1 | E22: ='Раздел 2'!D24 -> 0
A23: Духовницкий | B23: =SUM(C23:E23) -> 3 | C23: ='Показатель 1.1'!J24 -> 2 | D23: ='Показатель 1.2'!H25 -> 0 | E23: ='Раздел 2'!D25 -> 1
A24: Екатериновский | B24: =SUM(C24:E24) -> 2 | C24: ='Показатель 1.1'!J25 -> 2 | D24: ='Показатель 1.2'!H26 -> 0 | E24: ='Раздел 2'!D26 -> 0
... A50: Энгельсский | B50: =SUM(C50:E50) -> 4 | C50: ='Показатель 1.1'!J51 -> 4 | D50: ='Показатель 1.2'!H52 -> 0 | E50: ='Раздел 2'!D52 -> 0

Sheet Методика I этап
A1: I этап. Характеристика первоначально утвержденного бюджета муниципального образования
A4: № п/п | B4: Вопросы и варианты ответов | C4: Баллы
A6: 1. | B6: Первоначально утвержденный бюджет муниципального образования | C6: =C9+C14 -> 7
A7: 1.1 | B7: Опубликование первоначально принятого решения о бюджете муниципального образования на текущий финансовый год (текущий финансовый год и плановый период) на портале (сайте)
B8: В целях оценки показателя учитывается публикация принятого решения о бюджете в полном объеме, включая текстовую часть и все приложения к нему. Публикация отдельных составляющих в целях оценки показателя не учитывается. Решение о бюджете должно быть опубликовано в течение 15 рабочих дней после принятия и сохраняться не менее трех лет. При нарушении указанного срока применяется понижающий коэффициент за несоблюдение сроков обеспечения доступа к бюджетным данным. В случае, если в установленный для представления информации в министерство финансов области срок (далее - установленный срок) документ не размещен, оценка показателя принимает значение 0 баллов.
B9: Опубликовано в структурированном виде с указанием полных или кратких наименований всех составляющих | C9: 4
B10: Опубликовано, но не в структурированном виде и (или) без указания полных или кратких наименований всех составляющих | C10: 2
B11: Не опубликовано | C11: 0
A12: 1.2 | B12: Опубликование бюджета для граждан, разработанного на основе первоначально принятого решения о бюджете муниципального образования на текущий финансовый год (текущий финансовый год и плановый период), на портале (сайте)
B13: В целях оценки показателя учитывается публикация информации в виде брошюр (презентаций) либо в виде отдельных сведений, опубликованных на портале (сайте). В том числе, должна быть представлена следующая информация: 1) показатели прогноза социально-экономического развития, на основе которых сформирован бюджет (включая показатели, характеризующие объемы производства, численность и состав населения, заработную плату и т.д.); 2) сведения о доходах бюджета муниципального образования в разрезе видов доходов; 3) сведения о расходах бюджета муниципального образования; 4) сведения о расходах бюджета муниципального образования на реализацию муниципальных программ, а также о целевых показателях (индикаторах), планируемых к достижению в результате их реализации; 5) сведения о социально-значимых проектах, предусмотренных к финансированию за счет бюджета муниципального образования; 6) сведения о планируемых объемах муниципального долга; 7) контактная информация для обратной связи с гражданами . По пунктам 1-6 информация должна быть представлена в динамике: фактические значения за год, предшествующий отчетному году, оценку за отчетный год и прогноз на текущий год и плановый период. Бюджет для граждан, разработанный на основе решения о бюджете, должен быть опубликован в течение 10 рабочих дней после принятия решения о бюджете муниципального образования и сохраняться не менее трех лет. При нарушении указанного срока применяется понижающий коэффициент за несоблюдение сроков обеспечения доступа к бюджетным данным. В случае, если в установленный срок документ не размещен, оценка показателя принимает значение 0 баллов.
B14: Опубликован и содержит информацию по всем ключевым элементам | C14: 3
B15: Опубликован и содержит информацию по пяти и более ключевым элементам | C15: 2
B16: Опубликован и содержит информацию по трем и более ключевым элементам | C16: 1
B17: Не опубликован или содержит информацию менее чем по трем ключевым элементам | C17: 0
A18: 2. | B18: Публичные сведения о плановых показателях деятельности муниципальных учреждений Саратовской области | C18: =C21 -> 3
A19: 2.1 | B19: Итоговое значение рейтинга открытости и прозрачности муниципальных учреждений муниципального образования, представленного на официальном сайте в сети Интернет www.bus.gov.ru
B20: В целях расчета показателей обособленные структурные подразделения (филиалы, представительства) не учитываются. Источник информации для проведения оценки: официальный сайт Российской Федерации для размещения информации о государственных (муниципальных) учреждениях (bus.gov.ru), раздел «Независимая система оценки качества». Правила предоставления и размещения информации о государственных (муниципальных) учреждениях на указанном сайте установлены приказом Минфина России от 21 июля 2011 года №86н «Об утверждении порядка предоставления информации государственным (муниципальным) учреждением, ее размещения на официальном сайте в сети Интернет и ведения указанного сайта».
B21: 0,95 и более | C21: 3
B22: 0,9 и более | C22: 2
B23: 0,8 и более | C23: 1
B24: менее 0,8 | C24: 0
B25: Итого баллов на I этапе | C25: =C6+C18 -> 10

Sheet Показатель 1.1
A1: 1.1. Опубликование первоначально принятого решения о бюджете муниципального образования на текущий финансовый год (текущий финансовый год и плановый период), на портале (сайте)
A2: Комментарий:
A3: ='Методика I этап'!B8 -> В целях оценки показателя учитывается публикация принятого решения о бюджете в полном объеме, включая текстовую часть и все приложения к нему. Публикация отдельных составляющих в целях оценки показателя не учитывается. Решение о бюджете должно быть опубликовано в течение 15 рабочих дней после принятия и сохраняться не менее трех лет. При нарушении указанного срока применяется понижающий коэффициент за несоблюдение сроков обеспечения доступа к бюджетным данным. В случае, если в установленный для представления информации в министерство финансов области срок (далее - установленный срок) документ не размещен, оценка показателя принимает значение 0 баллов.
A4: № п/п | B4: Вопрос | C4: ='Методика I этап'!B7 -> Опубликование первоначально принятого решения о бюджете муниципального образования на текущий финансовый год (текущий финансовый год и плановый период) на портале (сайте) | D4: Формат | E4: Доступность (указать, если возникли трудности с поиском документа, если переход осуществляется более, чем за 5 «кликов» с основной страницы портала (сайта), если название раздела не соответствует содержанию) | F4: Оценка показателя 1.1 | K4: Ссылка на источник данных | L4: Комментарии
B5: Варианты ответов | C5: ='Методика I этап'!B9 -> Опубликовано в структурированном виде с указанием полных или кратких наименований всех составляющих | D5: Word, Excel, PDF | F5: баллы | G5: понижающие коэффициенты | J5: Итого
C6: ='Методика I этап'!B10 -> Опубликовано, но не в структурированном виде и (или) без указания полных или кратких наименований всех составляющих | G6: графический формат | H6: затруднен-ный поиск | I6: несоблюде-ние сроков
C7: ='Методика I этап'!B11 -> Не опубликовано
B8: Городские округа
A9: 1 | B9: г. Саратов | C9: Опубликовано в структурированном виде с указанием полных или кратких наименований всех составляющих | D9: Word | F9: =IF(C9=C5,4,IF(C9=C6,2,0)) -> 4 | J9: =F9*(1-G9)*(1-H9)*(1-I9) -> 4 | K9: http://saratovmer.ru/budget/rubrics/1/1272.html
A10: 2 | B10: ЗАТО Михайловское | C10: Опубликовано, но не в структурированном виде и (или) без указания полных или кратких наименований всех составляющих | D10: Web, Excel | F10: =IF(C10=C5,4,IF(C10=C6,2,0)) -> 2 | J10: =F10*(1-G10)*(1-H10)*(1-I10) -> 2 | K10: http://mihailovski.ru/?mod=article&id=3519 | L10: Скачать можно только приложения (листы в одном Excel файле). Раздел не структурирован по годам.
A11: 3 | B11: ЗАТО Светлый | C11: Опубликовано, но не в структурированном виде и (или) без указания полных или кратких наименований всех составляющих | D11: Web, Word | F11: =IF(C11=C5,4,IF(C11=C6,2,0)) -> 2 | I11: 0.5 | J11: =F11*(1-G11)*(1-H11)*(1-I11) -> 1 | K11: http://www.zatosvetly.ru/municipal_assembly/documents_of_the_municipal_assembly/reshenieV.php?ELEMENT_ID=9337 | L11: Дата последних изменений файла решения - 28.03.2017. Решение о бюджете должно быть опубликовано в течение 15 рабочих дней после принятия. Все приложения в одном файле - не структурированный вид.
A12: 4 | B12: ЗАТО Шиханы | C12: Опубликовано, но не в структурированном виде и (или) без указания полных или кратких наименований всех составляющих | D12: Word | F12: =IF(C12=C5,4,IF(C12=C6,2,0)) -> 2 | J12: =F12*(1-G12)*(1-H12)*(1-I12) -> 2 | K12: http://zatoshihany.ru/sobranie/acts/ | L12: Не указаны полные или краткие наименования приложений к решению. Раздел не структурирован по годам.
B13: Муниципальные районы
A14: 5 | B14: Александрово-Гайский | C14: Опубликовано, но не в структурированном виде и (или) без указания полных или кратких наименований всех составляющих | D14: Word | F14: =IF(C14=C5,4,IF(C14=C6,2,0)) -> 2 | J14: =F14*(1-G14)*(1-H14)*(1-I14) -> 2 | K14: http://algay.sarmo.ru/sobranie-amr/resheniya.php | L14: По предоставленной ссылке http://algay.sarmo.ru/byudzhet-ekonomika-finansy/byudzhet-dokumenty.php первоначально принятое решение о бюджете не обнаружено.
A15: 6 | B15: Аркадакский | C15: Опубликовано в структурированном виде с указанием полных или кратких наименований всех составляющих | D15: PDF | F15: =IF(C15=C5,4,IF(C15=C6,2,0)) -> 4 | G15: 0.5 | I15: 0.5 | J15: =F15*(1-G15)*(1-H15)*(1-I15) -> 1 | K15: http://arkadak.sarmo.ru/index.php?option=com_content&view=article&id=1035&Itemid=329 | L15: Само решение и приложение № 2 только в формате PDF. Дата последнего изменения файла приложения № 1 - 27.03.2017. Решение о бюджете должно быть опубликовано в течение 15 рабочих дней после принятия.
A16: 7 | B16: Аткарский | C16: Опубликовано, но не в структурированном виде и (или) без указания полных или кратких наименований всех составляющих | D16: Word | F16: =IF(C16=C5,4,IF(C16=C6,2,0)) -> 2 | J16: =F16*(1-G16)*(1-H16)*(1-I16) -> 2 | K16: http://atkarsk.moyaokruga.ru/CityArticles.aspx?articleid=4162 | L16: Раздел не структурирован по убыванию/возрастанию даты принятия документов.
A17: 8 | B17: Базарно-Карабулакский | C17: Опубликовано в структурированном виде с указанием полных или кратких наименований всех составляющих | D17: Web,Word | F17: =IF(C17=C5,4,IF(C17=C6,2,0)) -> 4 | J17: =F17*(1-G17)*(1-H17)*(1-I17) -> 4 | K17: http://bkarabulak.sarmo.ru/index.php?option=com_content&view=article&id=3148&Itemid=342 | L17: Отсутствует возможность скачать текстовую часть, только приложения.
A18: 9 | B18: Балаковский | C18: Опубликовано в структурированном виде с указанием полных или кратких наименований всех составляющих | D18: Word | E18: Лишняя папка в архиве | F18: =IF(C18=C5,4,IF(C18=C6,2,0)) -> 4 | J18: =F18*(1-G18)*(1-H18)*(1-I18) -> 4 | K18: http://www.admbal.ru/page/reshenie-o-byudzhete-bmr | L18: Разделе не структурирован по годам.
A19: 10 | B19: Балашовский | C19: Опубликовано, но не в структурированном виде и (или) без указания полных или кратких наименований всех составляющих | D19: Word | E19: есть баннер | F19: =IF(C19=C5,4,IF(C19=C6,2,0)) -> 2 | J19: =F19*(1-G19)*(1-H19)*(1-I19) -> 2 | K19: http://www.baladmin.ru/district-budget.php
A20: 11 | B20: Балтайский | C20: Опубликовано, но не в структурированном виде и (или) без указания полных или кратких наименований всех составляющих | D20: Word | F20: =IF(C20=C5,4,IF(C20=C6,2,0)) -> 2 | H20: 0.5 | J20: =F20*(1-G20)*(1-H20)*(1-I20) -> 1 | K20: http://adm-baltay.ru/sobranie-deputatov/normativno-pravovyie-aktyi-sobraniya-deputatov/2016-2/ | L20: Не указаны названия решений на странице, что затрудняет пользователю поиск необходимого.
A21: 12 | B21: Вольский | C21: Опубликовано, но не в структурированном виде и (или) без указания полных или кратких наименований всех составляющих | D21: Word | F21: =IF(C21=C5,4,IF(C21=C6,2,0)) -> 2 | J21: =F21*(1-G21)*(1-H21)*(1-I21) -> 2 | K21: http://volsk-ms.ru/resheniya-vms/resheniya/ | L21: Обратите внимание: в следующий раз присылать конкретную ссылку на страницу, где находится документ.
A22: 13 | B22: Воскресенский | C22: Опубликовано, но не в структурированном виде и (или) без указания полных или кратких наименований всех составляющих | D22: Word | F22: =IF(C22=C5,4,IF(C22=C6,2,0)) -> 2 | J22: =F22*(1-G22)*(1-H22)*(1-I22) -> 2 | K22: http://voskresensk64.ru/meeting/mun-sobranie/documents/index.php | L22: Разделе не структурирован по годам.
A23: 14 | B23: Дергачевский | C23: Опубликовано в структурированном виде с указанием полных или кратких наименований всех составляющих | D23: Word, Excel | E23: 6 кликов до документа, в архиве лишние папки. Решение о бюджете в первоначальном виде размещено в разделе «решения собрания…», в то же время есть раздел «решения о бюджете», где его было бы логичнее разместить. | F23: =IF(C23=C5,4,IF(C23=C6,2,0)) -> 4 | H23: 0.5 | J23: =F23*(1-G23)*(1-H23)*(1-I23) -> 2 | K23: http://dergachi.sarmo.ru/sobranie-dergachevskogo-munitsipalnogo-rayona/resheniya-sobraniya-dergachevskogo-munitsipalnogo-rayona/ | L23: В архиве много повторяющихся файлов приложений к решению, дишие папки. Раздел не структурирован по годам.
A24: 15 | B24: Духовницкий | C24: Опубликовано, но не в структурированном виде и (или) без указания полных или кратких наименований всех составляющих | D24: Word | F24: =IF(C24=C5,4,IF(C24=C6,2,0)) -> 2 | J24: =F24*(1-G24)*(1-H24)*(1-I24) -> 2 | K24: http://duhovnitskoe.sarmo.ru/predstavitelnyy-organ/npa/npa-2016
A25: 16 | B25: Екатериновский | C25: Опубликовано, но не в структурированном виде и (или) без указания полных или кратких наименований всех составляющих | D25: Word | F25: =IF(C25=C5,4,IF(C25=C6,2,0)) -> 2 | J25: =F25*(1-G25)*(1-H25)*(1-I25) -> 2 | K25: http://ekaterinovka.sarmo.ru/rayonnoe-sobranie/2016rs.php
A26: 17 | B26: Ершовский | C26: Опубликовано в структурированном виде с указанием полных или кратких наименований всех составляющих | D26: Word | F26: =IF(C26=C5,4,IF(C26=C6,2,0)) -> 4 | I26: 0.5 | J26: =F26*(1-G26)*(1-H26)*(1-I26) -> 2 | K26: http://ershov.sarmo.ru/byudzhet-i-finansy/byudzhet/utverzhdennyy-byudzhet-na-2017-god/ | L26: Дата последних изменений в файлах приложений - 02.03.2017. Решение о бюджете должно быть опубликовано в течение 15 рабочих дней после принятия. Если публикуете приложения отдельными файлами под решением, то в файле самого решения приложения не нужно оставлять.
A27: 18 | B27: Ивантеевский | C27: Опубликовано в структурированном виде с указанием полных или кратких наименований всех составляющих | D27: Word | F27: =IF(C27=C5,4,IF(C27=C6,2,0)) -> 4 | I27: 0.5 | J27: =F27*(1-G27)*(1-H27)*(1-I27) -> 2 | K27: http://ivanteevka.sarmo.ru/byudzhet-dlya-grazhdan/npa/2017/ | L27: Дата последних изменений в файлах приложений - 24.03.2017. Решение о бюджете должно быть опубликовано в течение 15 рабочих дней после принятия.
A28: 19 | B28: Калининский | C28: Опубликовано, но не в структурированном виде и (или) без указания полных или кратких наименований всех составляющих | D28: Word | F28: =IF(C28=C5,4,IF(C28=C6,2,0)) -> 2 | J28: =F28*(1-G28)*(1-H28)*(1-I28) -> 2 | K28: http://kalininsk.sarmo.ru/predstavitelnyy-organ-munitsipalnogo-rayona/dokumenty-normativnye-akty/ | L28: Раздел не структурирован по годам.
A29: 20 | B29: Красноармейский | C29: Опубликовано, но не в структурированном виде и (или) без указания полных или кратких наименований всех составляющих | D29: Word | E29: 6 кликов до документа, лишняя архивация одного файла, лишняя папка в архиве. | F29: =IF(C29=C5,4,IF(C29=C6,2,0)) -> 2 | H29: 0.5 | I29: 0.5 | J29: =F29*(1-G29)*(1-H29)*(1-I29) -> 0.5 | K29: http://krasnoarmeysk.sarmo.ru/krasnoarmeyskiy-rayon/byudzhet/reshenie-o-byudzhete-krasnoarmeyskogo-munitsipalnogo-rayona/ | L29: Дата последнего изменения файла - 01.02.2017. Решение о бюджете должно быть опубликовано в течение 15 рабочих дней после принятия.
A30: 21 | B30: Краснокутский | C30: Опубликовано, но не в структурированном виде и (или) без указания полных или кратких наименований всех составляющих | D30: Word | F30: =IF(C30=C5,4,IF(C30=C6,2,0)) -> 2 | J30: =F30*(1-G30)*(1-H30)*(1-I30) -> 2 | K30: http://krasny-kut.ru/krasnokutskij_rajon/finansy/ | L30: Раздел не структурирован по годам.
A31: 22 | B31: Краснопартизанский | C31: Опубликовано в структурированном виде с указанием полных или кратких наименований всех составляющих | D31: Word, Excel | F31: =IF(C31=C5,4,IF(C31=C6,2,0)) -> 4 | J31: =F31*(1-G31)*(1-H31)*(1-I31) -> 4 | K31: http://gornyi.sarmo.ru/index.php?option=com_content&view=article&id=2856:2017-01-09-06-28-45&catid=34:%D0%9E%D1%81%D0%BD%D0%BE%D0%B2%D0%BD%D0%B0%D1%8F%20%D0%BA%D0%B0%D1%82%D0%B5%D0%B3%D0%BE%D1%80%D0%B8%D1%8F
A32: 23 | B32: Лысогорский | C32: Опубликовано, но не в структурированном виде и (или) без указания полных или кратких наименований всех составляющих | D32: Word | F32: =IF(C32=C5,4,IF(C32=C6,2,0)) -> 2 | J32: =F32*(1-G32)*(1-H32)*(1-I32) -> 2 | K32: http://adm.lysyegory.ru/base/2881-reshenie-ot-28-12-2016-goda-542-o-byudzhete-lysogorskogo-municipalnogo-raiona-na-2017-god.html
A33: 24 | B33: Марксовский | C33: Опубликовано, но не в структурированном виде и (или) без указания полных или кратких наименований всех составляющих | D33: Word, Excel | F33: =IF(C33=C5,4,IF(C33=C6,2,0)) -> 2 | J33: =F33*(1-G33)*(1-H33)*(1-I33) -> 2 | K33: http://marksadm.ru/r-o-b.html | L33: Указаны названия не у всех приложений к решению.
A34: 25 | B34: Новобурасский | C34: Опубликовано в структурированном виде с указанием полных или кратких наименований всех составляющих | D34: Word, Excel | E34: Лишняя папка в архиве | F34: =IF(C34=C5,4,IF(C34=C6,2,0)) -> 4 | J34: =F34*(1-G34)*(1-H34)*(1-I34) -> 4 | K34: http://admnburasy.ru/budget.html | L34: В архиве решения о бюджете не должны быть лишние файлы, путающие пользователя (как файл «Форматированное Новобурасский муниципальный район Решение №»). Раздел не структурирован.
A35: 26 | B35: Новоузенский | C35: Опубликовано, но не в структурированном виде и (или) без указания полных или кратких наименований всех составляющих | D35: Word | E35: 7 кликов до документа, лишняя папка в архиве | F35: =IF(C35=C5,4,IF(C35=C6,2,0)) -> 2 | H35: 0.5 | J35: =F35*(1-G35)*(1-H35)*(1-I35) -> 1 | K35: http://www.novouzensk.ru/sobranie/sobr/akty/?ELEMENT_ID=6239 | L35: Не указаны названия решений в архиве (от 29 декабря 2016 года № 65), пользователю значительно затруднен поиск документы.
A36: 27 | B36: Озинский | C36: Опубликовано в структурированном виде с указанием полных или кратких наименований всех составляющих | D36: Word, Excel | E36: 6 кликов до документа, лишняя папка в архиве | F36: =IF(C36=C5,4,IF(C36=C6,2,0)) -> 4 | H36: 0.5 | J36: =F36*(1-G36)*(1-H36)*(1-I36) -> 2 | K36: http://ozinki.sarmo.ru/byudzhet/byudzhet-munitsipalnogo-rayona.php?ELEMENT_ID=1058
A37: 28 | B37: Перелюбский | C37: Опубликовано, но не в структурированном виде и (или) без указания полных или кратких наименований всех составляющих | D37: Word, Excel | F37: =IF(C37=C5,4,IF(C37=C6,2,0)) -> 2 | J37: =F37*(1-G37)*(1-H37)*(1-I37) -> 2 | K37: http://perelyub.sarmo.ru/index.php?option=com_content&view=article&id=862:30122016&catid=72:2016-03-22-13-50-08&Itemid=244 | L37: Не указаны полные или краткие наименования приложений в архиве.
A38: 29 | B38: Петровский | C38: Опубликовано в структурированном виде с указанием полных или кратких наименований всех составляющих | D38: Web, Word | F38: =IF(C38=C5,4,IF(C38=C6,2,0)) -> 4 | J38: =F38*(1-G38)*(1-H38)*(1-I38) -> 4 | K38: http://petrovsk64.ru/sub-org/fin-upr/otkrytyy-byudzhet/byudzhet/reshenie-o-byudzhete/na-2017-god
A39: 30 | B39: Питерский | C39: Опубликовано в структурированном виде с указанием полных или кратких наименований всех составляющих | D39: Word | F39: =IF(C39=C5,4,IF(C39=C6,2,0)) -> 4 | I39: 0.5 | J39: =F39*(1-G39)*(1-H39)*(1-I39) -> 2 | K39: http://piterka.sarmo.ru/byudzhet-piterskogo-mr/mestnyy-byudzhet./ | L39: Дата последних изменений в файле приложения № 15- 23.03.2017. Решение о бюджете должно быть опубликовано в течение 15 рабочих дней после принятия.
A40: 31 | B40: Пугачевский | C40: Опубликовано, но не в структурированном виде и (или) без указания полных или кратких наименований всех составляющих | D40: Word | F40: =IF(C40=C5,4,IF(C40=C6,2,0)) -> 2 | J40: =F40*(1-G40)*(1-H40)*(1-I40) -> 2 | K40: http://pugachev-adm.ru/resheniya-2016
A41: 32 | B41: Ровенский | C41: Опубликовано в структурированном виде с указанием полных или кратких наименований всех составляющих | D41: Web, Word, Excel | F41: =IF(C41=C5,4,IF(C41=C6,2,0)) -> 4 | J41: =F41*(1-G41)*(1-H41)*(1-I41) -> 4 | K41: http://rovnoe.sarmo.ru/byudzhet/resheniya-o-byudzhete/2017/reshenie-o-byudzhete-na-2017-god-ot-20-12-2016-41-pervonachalnoe.php
A42: 33 | B42: Романовский | C42: Опубликовано, но не в структурированном виде и (или) без указания полных или кратких наименований всех составляющих | D42: Word | E42: Раздел «Исполнение бюджета Романовского муниципального района и финансовый контроль» => «Решения о внесении изменений о бюджете Романовского муниципального района Саратовской области на текущий финансовый год» | F42: =IF(C42=C5,4,IF(C42=C6,2,0)) -> 2 | H42: 0.5 | I42: 0.5 | J42: =F42*(1-G42)*(1-H42)*(1-I42) -> 0.5 | K42: http://romanovka.sarmo.ru/byudzhet-dlya-grazhdan/byudzhet-romanovskogo-munitsipalnogo-rayona/ispolnenie-byudzheta-romanovskogo-munitsipalnogo-rayona-i-finansovyy-kontrol/resheniya-o-vnesenii-izmeneniy-v-byudzhet.php | L42: Дата последних изменений в файлах - 31.03.2017. Решение о бюджете должно быть опубликовано в течение 15 рабочих дней после принятия. Не указаны полные или краткие наименования приложений в архиве.Решение о бюджете на текущий год логичнее размещать в разделе «Утвержденный бюджет», а не в «Исполнение бюджета Романовского муниципального района и финансовый контроль», поиск пользователю значительно затуднен.
A43: 34 | B43: Ртищевский | C43: Опубликовано в структурированном виде с указанием полных или кратких наименований всех составляющих | D43: Web, Excel | F43: =IF(C43=C5,4,IF(C43=C6,2,0)) -> 4 | J43: =F43*(1-G43)*(1-H43)*(1-I43) -> 4 | K43: http://rtishevo.sarmo.ru/finansovyy-organ/rtishchevskiy-munitsipalnyy-rayon/2017-god/resheniya-o-byudzhete-i-vnesenii-izmeneniy-v-byudzhet-munitsipalnogo-rayona/ | L43: Отсутствует возможность скачать текстовую часть, только приложения.
A44: 35 | B44: Самойловский | C44: Опубликовано, но не в структурированном виде и (или) без указания полных или кратких наименований всех составляющих | D44: Word | F44: =IF(C44=C5,4,IF(C44=C6,2,0)) -> 2 | J44: =F44*(1-G44)*(1-H44)*(1-I44) -> 2 | K44: http://sam64.ru/index.php?option=com_content&view=article&id=172&Itemid=155 | L44: Раздел не структурирован по годам.
A45: 36 | B45: Саратовский | C45: Опубликовано в структурированном виде с указанием полных или кратких наименований всех составляющих | D45: Web, Excel | F45: =IF(C45=C5,4,IF(C45=C6,2,0)) -> 4 | J45: =F45*(1-G45)*(1-H45)*(1-I45) -> 4 | K45: http://saratov.sarmo.ru/index.php?option=com_content&view=article&id=5428&Itemid=553 | L45: Отсутствует возможность скачать текстовую часть, только приложения. Обратите внимание, в самом тексте закона при упоминании приложений 14-16 проблемы с переходами на эти файлы.
A46: 37 | B46: Советский | C46: Опубликовано в структурированном виде с указанием полных или кратких наименований всех составляющих | D46: Word,Excel | E46: 6 кликов до документа, лишняя папка в архиве | F46: =IF(C46=C5,4,IF(C46=C6,2,0)) -> 4 | H46: 0.5 | J46: =F46*(1-G46)*(1-H46)*(1-I46) -> 2 | K46: http://stepnoeadm.ru/?page_id=288
A47: 38 | B47: Татищевский | C47: Опубликовано в структурированном виде с указанием полных или кратких наименований всех составляющих | D47: Web, Word | F47: =IF(C47=C5,4,IF(C47=C6,2,0)) -> 4 | J47: =F47*(1-G47)*(1-H47)*(1-I47) -> 4 | K47: http://tatishevo.saratov.gov.ru/index.php?option=com_content&view=article&id=3479:-14122016-447-l-2017-r-&catid=46:2009-12-20-17-15-45&Itemid=81
A48: 39 | B48: Турковский | C48: Опубликовано, но не в структурированном виде и (или) без указания полных или кратких наименований всех составляющих | D48: Word | F48: =IF(C48=C5,4,IF(C48=C6,2,0)) -> 2 | J48: =F48*(1-G48)*(1-H48)*(1-I48) -> 2 | K48: http://turki.sarmo.ru/sobranie-deputatov-turkovskogo-munitsipalnogo-rayona/dokumenty/byudzhet/byudzhet-turkovskogo-munitsipalnogo-rayona/ | L48: Не указаны полные или краткие наименования приложений в архиве.
A49: 40 | B49: Федоровский | C49: Опубликовано в структурированном виде с указанием полных или кратких наименований всех составляющих | D49: Word, Excel | F49: =IF(C49=C5,4,IF(C49=C6,2,0)) -> 4 | J49: =F49*(1-G49)*(1-H49)*(1-I49) -> 4 | K49: http://mokrous.fedrayon.ru/index.php?option=com_content&view=article&id=291&Itemid=285 | L49: Слишком много информации на одной страниц! Раздел не структурирован.
A50: 41 | B50: Хвалынский | C50: Опубликовано, но не в структурированном виде и (или) без указания полных или кратких наименований всех составляющих | D50: Word | F50: =IF(C50=C5,4,IF(C50=C6,2,0)) -> 2 | J50: =F50*(1-G50)*(1-H50)*(1-I50) -> 2 | K50: http://hvalynsk.sarmo.ru/predstavitelnyy-organ-munitsipalnogo-rayona/munitsipalnoe-sobranie-khvalynskogo-rayona/dokumenty/117/ | L50: По предоставленной ссылке http://hvalynsk.sarmo.ru/administratsiya-khvalynskogo-munitsipalnogo-rayona/byudzhet/byudzhet-2017.php первоначально принятое решение о бюджете не обнаружено, только с внесенным изменением.
A51: 42 | B51: Энгельсский | C51: Опубликовано в структурированном виде с указанием полных или кратких наименований всех составляющих | D51: Web,Excel | F51: =IF(C51=C5,4,IF(C51=C6,2,0)) -> 4 | J51: =F51*(1-G51)*(1-H51)*(1-I51) -> 4 | K51: http://www.engels-city.ru/resheniya-o-byudzhete

Sheet Показатель 1.2
A1: 1.2. Опубликование бюджета для граждан, разработанного на основе первоначально принятого решения о бюджете муниципального образования на текущий финансовый год (текущий финансовый год и плановый период), на портале (сайте)
A2: Комментарий:
A3: ='Методика I этап'!B13 -> В целях оценки показателя учитывается публикация информации в виде брошюр (презентаций) либо в виде отдельных сведений, опубликованных на портале (сайте). В том числе, должна быть представлена следующая информация: 1) показатели прогноза социально-экономического развития, на основе которых сформирован бюджет (включая показатели, характеризующие объемы производства, численность и состав населения, заработную плату и т.д.); 2) сведения о доходах бюджета муниципального образования в разрезе видов доходов; 3) сведения о расходах бюджета муниципального образования; 4) сведения о расходах бюджета муниципального образования на реализацию муниципальных программ, а также о целевых показателях (индикаторах), планируемых к достижению в результате их реализации; 5) сведения о социально-значимых проектах, предусмотренных к финансированию за счет бюджета муниципального образования; 6) сведения о планируемых объемах муниципального долга; 7) контактная информация для обратной связи с гражданами . По пунктам 1-6 информация должна быть представлена в динамике: фактические значения за год, предшествующий отчетному году, оценку за отчетный год и прогноз на текущий год и плановый период. Бюджет для граждан, разработанный на основе решения о бюджете, должен быть опубликован в течение 10 рабочих дней после принятия решения о бюджете муниципального образования и сохраняться не менее трех лет. При нарушении указанного срока применяется понижающий коэффициент за несоблюдение сроков обеспечения доступа к бюджетным данным. В случае, если в установленный срок документ не размещен, оценка показателя принимает значение 0 баллов.
A4: № п/п | B4: Наименование муниципального образования Саратовской обалсти | C4: ='Методика I этап'!B12 -> Опубликование бюджета для граждан, разработанного на основе первоначально принятого решения о бюджете муниципального образования на текущий финансовый год (текущий финансовый год и плановый период), на портале (сайте) | D4: Доступность (указать, если возникли трудности с поиском документа, если переход осуществляется более, чем за 5 «кликов» с основной страницы портала (сайта), если название раздела не соответствует содержанию) | E4: Оценка показателя 1.2 | I4: Ссылка на источник данных | J4: Комментарии
B5: Варианты ответов | C5: ='Методика I этап'!B14 -> Опубликован и содержит информацию по всем ключевым элементам | E5: баллы | F5: понижающие коэффициенты | H5: Итого
C6: ='Методика I этап'!B15 -> Опубликован и содержит информацию по пяти и более ключевым элементам | F6: затруднен-ный поиск | G6: несоблюде-ние сроков
C7: ='Методика I этап'!B16 -> Опубликован и содержит информацию по трем и более ключевым элементам
C8: ='Методика I этап'!B17 -> Не опубликован или содержит информацию менее чем по трем ключевым элементам
B9: Городские округа
A10: 1 | B10: г. Саратов | C10: Опубликован и содержит информацию по трем и более ключевым элементам | E10: =IF(C10=C5,3,IF(C10=C6,2,IF(C10=C7,1,0))) -> 1 | H10: =E10*(1-F10)*(1-G10) -> 1 | I10: http://saratovmer.ru/budget/rubrics/6/1273.html | J10: Пункт 1 не соответствует (отсутствуют показатели, характеризующие численность и состав населения), пункт 3 не соответствует (расходы в разбивке не в динамике), пункт 5 не соответствует (в социально-значимые проекты отнесены в основном денежные выплаты, а следует отнести объекты из таблицы 8 и информацию по ним: наименование,адрес, финансирование по годам, сроки реализации и планируемый результат от реализации).
A11: 2 | B11: ЗАТО Михайловское | C11: Не опубликован или содержит информацию менее чем по трем ключевым элементам | D11: В разделе «Информация»,а не в разделе «Бюджет». Лишняя архивация одного файла. | E11: =IF(C11=C5,3,IF(C11=C6,2,IF(C11=C7,1,0))) -> 0 | H11: =E11*(1-F11)*(1-G11) -> 0 | I11: http://mihailovski.ru/?mod=article&id=3545 | J11: Отсутствуют пункты 4-6; пункт 1 в брошюре отсутствует, опубликован отдельно (отсутствуют показатели, характеризующие объемы производства, численность и состав населения), пункт 2 и 3 ( не в динамике).
A12: 3 | B12: ЗАТО Светлый | C12: Не опубликован или содержит информацию менее чем по трем ключевым элементам | E12: =IF(C12=C5,3,IF(C12=C6,2,IF(C12=C7,1,0))) -> 0 | H12: =E12*(1-F12)*(1-G12) -> 0 | I12: http://zatosvetly.ru/city/economics_amp_finance/byudzhet-gorodskogo-okruga/byudzhet-dlya-grazhdan | J12: По предоставленной ссылке размещен бюджет для граждан, разработанный на основе проекта решения о бюджете муниципального образования, который был оценен в показатели 8.2 мониторинг прошлого года. В целях оценки показателя учитывается публикация бюджета для граждан, разработанного на основе первоначально принятого решения о бюджете муниципального образования на текущий финансовый год (текущий финансовый год и плановый период).
A13: 4 | B13: ЗАТО Шиханы | C13: Опубликован и содержит информацию по всем ключевым элементам | E13: =IF(C13=C5,3,IF(C13=C6,2,IF(C13=C7,1,0))) -> 3 | H13: =E13*(1-F13)*(1-G13) -> 3 | I13: http://zatoshihany.ru/city/Budget_for_citizens/ | J13: В пункте 6 желательно указывать не только общую сумму муниципального долга, но и его структуру
B14: Муниципальные районы
A15: 5 | B15: Александрово-Гайский | C15: Опубликован и содержит информацию по трем и более ключевым элементам | E15: =IF(C15=C5,3,IF(C15=C6,2,IF(C15=C7,1,0))) -> 1 | H15: =E15*(1-F15)*(1-G15) -> 1 | I15: http://algay.sarmo.ru/byudzhet-ekonomika-finansy/byudzhet-dokumenty.php | J15: Отсутствуют: пункты 5,7, пункт 1 не соответствует (отсутствуют показатели, характеризующие объем производства и состав населения), пункт 4 не соответствует (финансирование не в динамике и отсутствуют целевые показатели). В пункте 6 желательно указывать не только общую сумму муниципального долга, но и его структуру. Раздел не структурирован по годам.
A16: 6 | B16: Аркадакский | C16: Опубликован и содержит информацию по трем и более ключевым элементам | E16: =IF(C16=C5,3,IF(C16=C6,2,IF(C16=C7,1,0))) -> 1 | G16: 0.5 | H16: =E16*(1-F16)*(1-G16) -> 0.5 | I16: http://arkadak.sarmo.ru/index.php?option=com_content&view=article&id=959&Itemid=330 | J16: Дата последнего изменения файла - 31.03.2017. Бюджет для граждан, разработанный на основе решения о бюджете, должен быть опубликован в течение 10 рабочих дней после принятия решения о бюджете муниципального образования. Отсутствуют пункты 5-6, пункт 2 не соответствует ( структура собственных доходов не в динамике ), пункт 4 не соответствует (финансирование не в динамике и отсутствуют целевые показатели). Информацию о составе населения желательно внести в брошюру.
A17: 7 | B17: Аткарский | C17: Не опубликован или содержит информацию менее чем по трем ключевым элементам | E17: =IF(C17=C5,3,IF(C17=C6,2,IF(C17=C7,1,0))) -> 0 | H17: =E17*(1-F17)*(1-G17) -> 0 | I17: http://atkarsk.moyaokruga.ru/CityArticles.aspx?articleid=4098 | J17: Отсутствуют пункты 2,3,5-7, пункт 1 не соответствует (отсутствуют показатели, характеризующие состав населения), пункт 4 не соответствует (нет целевых показателей и можно объединить данные по трем годам в одну таблицу). Вся информация в таблицах (отсутствуют графики, диаграммы - ненаглядно)!!
A18: 8 | B18: Базарно-Карабулакский | C18: Не опубликован или содержит информацию менее чем по трем ключевым элементам | E18: =IF(C18=C5,3,IF(C18=C6,2,IF(C18=C7,1,0))) -> 0 | H18: =E18*(1-F18)*(1-G18) -> 0 | I18: http://bkarabulak.sarmo.ru/index.php?option=com_content&view=article&id=3965&Itemid=312 | J18: По предоставленной ссылке размещен бюджет для граждан, разработанный на основе проекта решения о бюджете муниципального образования, который был оценен в показатели 8.2 мониторинг прошлого года. В целях оценки показателя учитывается публикация бюджета для граждан, разработанного на основе первоначально принятого решения о бюджете муниципального образования на текущий финансовый год (текущий финансовый год и плановый период).
A19: 9 | B19: Балаковский | C19: Опубликован и содержит информацию по всем ключевым элементам | D19: Лишняя архивация для одного файла. | E19: =IF(C19=C5,3,IF(C19=C6,2,IF(C19=C7,1,0))) -> 3 | G19: 0.5 | H19: =E19*(1-F19)*(1-G19) -> 1.5 | I19: http://www.admbal.ru/page/byudzhet-bmr | J19: Дата последнего изменения файла - 17.03.2017. Бюджет для граждан, разработанный на основе решения о бюджете, должен быть опубликован в течение 10 рабочих дней после принятия решения о бюджете муниципального образования.
A20: 10 | B20: Балашовский | C20: Опубликован и содержит информацию по трем и более ключевым элементам | E20: =IF(C20=C5,3,IF(C20=C6,2,IF(C20=C7,1,0))) -> 1 | H20: =E20*(1-F20)*(1-G20) -> 1 | I20: http://baladmin.ru/administration/divisions-structure/finance/otkritiy-byudzhet.php | J20: Отсутствуют пункт 5; пункт 1 не соответствует (отсутствуют показатели, характеризующие состав населения), пункт 4 не соответствует (не в динамике и отсутствуют целевые показатели). В слайде № 3 не вписаны номер и дата решения.
A21: 11 | B21: Балтайский | C21: Опубликован и содержит информацию по пяти и более ключевым элементам | E21: =IF(C21=C5,3,IF(C21=C6,2,IF(C21=C7,1,0))) -> 2 | G21: 0.5 | H21: =E21*(1-F21)*(1-G21) -> 1 | I21: http://adm-baltay.ru/byudzhet-dlya-grazhdan/ | J21: Дата последнего изменения файла - 29.03.2017. Бюджет для граждан, разработанный на основе решения о бюджете, должен быть опубликован в течение 10 рабочих дней после принятия решения о бюджете муниципального образования. Отсутствует пункт 5, пункт 4 не соответствует (нотсутствуют целевые показатели).
A22: 12 | B22: Вольский | C22: Не опубликован или содержит информацию менее чем по трем ключевым элементам | E22: =IF(C22=C5,3,IF(C22=C6,2,IF(C22=C7,1,0))) -> 0 | H22: =E22*(1-F22)*(1-G22) -> 0 | I22: http://вольск.рф/?page_id=14102 | J22: Отсутствуют пункты 4-7, пункт 1 не соответствует (отсутствуют динамика 2015-2017 гг у показателя, характеризующего общую численность населения), пункт 2 не соответствует (структура налоговых и неналоговых доходов не отражена в динамике), пункт 3 не соответствует (расходы в разбивке не в динамике). Отсутствует возможность скачать бюджет для граждан.
A23: 13 | B23: Воскресенский | C23: Опубликован и содержит информацию по трем и более ключевым элементам | E23: =IF(C23=C5,3,IF(C23=C6,2,IF(C23=C7,1,0))) -> 1 | G23: 0.5 | H23: =E23*(1-F23)*(1-G23) -> 0.5 | I23: http://voskresensk64.ru/administration/statistics/Budget%20for%20citizens/ | J23: Дата последнего изменения файла - 31.03.2017. Бюджет для граждан, разработанный на основе решения о бюджете, должен быть опубликован в течение 10 рабочих дней после принятия решения о бюджете муниципального образования.Отсутствует пункт 5, пункт 1 не соответствует (отсутствуют показатели, характеризующие объем производства и состав населения), пункт 4 не соотвествует (финасирование - не в динамике, планируемые показатели без числового выражения),пункт 6 не соотвествует (нет динамики).
A24: 14 | B24: Дергачевский | C24: Опубликован и содержит информацию по трем и более ключевым элементам | D24: Лишняя архивация для одного файла. | E24: =IF(C24=C5,3,IF(C24=C6,2,IF(C24=C7,1,0))) -> 1 | H24: =E24*(1-F24)*(1-G24) -> 1 | I24: http://dergachi.sarmo.ru/byudzhet-dlya-grazhdan/ | J24: Пункт 1 не соответствует (отсутствуют динамика у показателя, характеризующего состав населения), пункт 2 не соответствует (укрупненная разбивка, только до налоговых и неналоговых доходов, необходимо подробнее), пункт 3 не соответствует (расходы в разбивке не в динамике - информацию как на слайде № 33 указывать в динамике 2015-2017 годы), пункт 5 не соответствует (на слайде № 55 указано общее кол-во объектов, но не дана информация о них, в том числе о финансировании). В пункте 6 желательно указывать не только общую сумму муниципального долга, но и его структуру. Информацию со слайда № 16 по 2015 и 2016 годам указывать в абсолютных величинах, а не в относительных.
A25: 15 | B25: Духовницкий | C25: Не опубликован или содержит информацию менее чем по трем ключевым элементам | E25: =IF(C25=C5,3,IF(C25=C6,2,IF(C25=C7,1,0))) -> 0 | H25: =E25*(1-F25)*(1-G25) -> 0 | I25: http://duhovnitskoe.sarmo.ru/byudzhet-dlya-grazhdan/ | J25: Дата последнего изменения файла - 05.04.2017. Бюджет для граждан, разработанный на основе решения о бюджете, должен быть опубликован в течение 10 рабочих дней после принятия решения о бюджете муниципального образования. Отсутствуют пункты 4-7, пункт 1 не соответствует (отсутствует показатель, характеризующий общую численнсть населения), пункты 2 не соответствует (не в динамике), пункт 3 не соответствуют (не в динамике, данные только по 2016 году).
A26: 16 | B26: Екатериновский | C26: Не опубликован или содержит информацию менее чем по трем ключевым элементам | E26: =IF(C26=C5,3,IF(C26=C6,2,IF(C26=C7,1,0))) -> 0 | H26: =E26*(1-F26)*(1-G26) -> 0 | I26: http://ekaterinovka.sarmo.ru/byudzhet-dlya-grazhdan/ | J26: Отсутствуют пункты 5-7, пункт 1 не соответствует (отсутствуют показатели, характеризующие численность и состав населения), пункт 2 не соответствует (не в разбивке и не в динамике), пункт 3 не соответствуют (и не в динамике), пункт 4 не соответствует (не в динамике и отсутствуют целевые показатели).
A27: 17 | B27: Ершовский | C27: Опубликован и содержит информацию по трем и более ключевым элементам | E27: =IF(C27=C5,3,IF(C27=C6,2,IF(C27=C7,1,0))) -> 1 | H27: =E27*(1-F27)*(1-G27) -> 1 | I27: http://ershov.sarmo.ru/byudzhet-i-finansy/byudzhet-dlya-grazhdan/ | J27: Отсутствует пункт 5, пункт 3 не соответствует (расходы в разбивке не в динамике 2015-2017 гг), пункт 4 не соответствует (в информации по расходам перечислено несколько муниципальных программ, но без финансирования в динамике 2015-2017 гг. и без целевых показателей), пункт 6 не соответствуют (не указан уровень долга в динамике 2015-2017 гг.).
A28: 18 | B28: Ивантеевский | C28: Опубликован и содержит информацию по всем ключевым элементам | E28: =IF(C28=C5,3,IF(C28=C6,2,IF(C28=C7,1,0))) -> 3 | G28: 0.5 | H28: =E28*(1-F28)*(1-G28) -> 1.5 | I28: http://ivanteevka.sarmo.ru/byudzhet-dlya-grazhdan/byudzhet-dlya-grazhdan/novyy-razdel/pervonachalno-utverzhdennyy-byudzhet-na-2017-god/ | J28: Дата последнего изменения файла - 30.03.2017. Бюджет для граждан, разработанный на основе решения о бюджете, должен быть опубликован в течение 10 рабочих дней после принятия решения о бюджете муниципального образования.
A29: 19 | B29: Калининский | C29: Не опубликован или содержит информацию менее чем по трем ключевым элементам | E29: =IF(C29=C5,3,IF(C29=C6,2,IF(C29=C7,1,0))) -> 0 | H29: =E29*(1-F29)*(1-G29) -> 0 | I29: http://kalininsk.sarmo.ru/informatsiya-o-munitsipalnom-rayone/byudzhet-munitsipalnogo-rayona/?ELEMENT_ID=2312 | J29: Отсутствует пункт 4-6, пункт 1 не соответствует (отсутствуют показатели, характеризующие объем производства, численность и состав населения), пункт 2 и 3 не соответствуют (не в динамике).
A30: 20 | B30: Красноармейский | C30: Опубликован и содержит информацию по пяти и более ключевым элементам | D30: 6 кликов до документа, лишняя архивация одного файла, лишняя папка в архиве.. Структура размещенных данных в разделе не вполне удобна пользователю. | E30: =IF(C30=C5,3,IF(C30=C6,2,IF(C30=C7,1,0))) -> 2 | F30: 0.5 | G30: 0.5 | H30: =E30*(1-F30)*(1-G30) -> 0.5 | I30: http://krasnoarmeysk.sarmo.ru/krasnoarmeyskiy-rayon/byudzhet/byudzhet-dlya-grazhdan/ | J30: Дата последнего изменения файла - 01.02.2017. Бюджет для граждан, разработанный на основе решения о бюджете, должен быть опубликован в течение 10 рабочих дней после принятия решения о бюджете муниципального образования. Пункт 4 не соотвествует (отсутствуют целевые показателей).
A31: 21 | B31: Краснокутский | C31: Не опубликован или содержит информацию менее чем по трем ключевым элементам | E31: =IF(C31=C5,3,IF(C31=C6,2,IF(C31=C7,1,0))) -> 0 | H31: =E31*(1-F31)*(1-G31) -> 0 | I31: http://krasny-kut.ru/krasnokutskij_rajon/finansy/ | J31: Отсутствуют пункты 5, 6; пункт 1 не соответствует (отсутствуют показатели, характеризующие объемы производства, численность и состав населения), пункт 2 не соответствует ( не в динамике 2015-2017 гг.), пункт 4 не соотвествует (отсутствует финансирование в разбивке по программам в динамике и целевые показатели).
A32: 22 | B32: Краснопартизанский | C32: Опубликован и содержит информацию по пяти и более ключевым элементам | D32: Лишняя архивация для одного файла. | E32: =IF(C32=C5,3,IF(C32=C6,2,IF(C32=C7,1,0))) -> 2 | H32: =E32*(1-F32)*(1-G32) -> 2 | I32: http://gornyi.sarmo.ru/index.php?option=com_content&view=article&id=1105:2014-05-20-10-48-44&catid=34:%D0%9E%D1%81%D0%BD%D0%BE%D0%B2%D0%BD%D0%B0%D1%8F%20%D0%BA%D0%B0%D1%82%D0%B5%D0%B3%D0%BE%D1%80%D0%B8%D1%8F | J32: В пункте 6 неверно указана динамика (2014-2016 гг., вмсето 2015-2017 гг.). На стр. 18 брошюры на графике подписи данных нарушены.
A33: 23 | B33: Лысогорский | C33: Не опубликован или содержит информацию менее чем по трем ключевым элементам | D33: Раздел «Составление проекта бюджета». | E33: =IF(C33=C5,3,IF(C33=C6,2,IF(C33=C7,1,0))) -> 0 | H33: =E33*(1-F33)*(1-G33) -> 0 | I33: http://adm.lysyegory.ru/base/2748-byudzhet-dlja-grazhdan-na-2017-2019-gody.html | J33: По предоставленной ссылке размещен бюджет для граждан, разработанный на основе проекта решения о бюджете муниципального образования, который был оценен в показатели 8.2 мониторинг прошлого года. В целях оценки показателя учитывается публикация бюджета для граждан, разработанного на основе первоначально принятого решения о бюджете муниципального образования на текущий финансовый год (текущий финансовый год и плановый период), и логичное его размещение - http://adm.lysyegory.ru/base/raion/byudzhet-municipalnogo-raiona/reshenija-o-byudzhete-mr.
A34: 24 | B34: Марксовский | C34: Не опубликован или содержит информацию менее чем по трем ключевым элементам | E34: =IF(C34=C5,3,IF(C34=C6,2,IF(C34=C7,1,0))) -> 0 | H34: =E34*(1-F34)*(1-G34) -> 0 | I34: http://marksadm.ru/bdg-kf.html | J34: По предоставленной ссылке бюджет для граждан, разработанный на основе решения о бюджете муниципального образования на текущий финансовый год, не опубликован.
A35: 25 | B35: Новобурасский | C35: Опубликован и содержит информацию по трем и более ключевым элементам | D35: Лишняя архивация для одного файла. | E35: =IF(C35=C5,3,IF(C35=C6,2,IF(C35=C7,1,0))) -> 1 | H35: =E35*(1-F35)*(1-G35) -> 1 | I35: http://admnburasy.ru/budget.html | J35: Отсутствуют пункты 1,5; пункт 4 не соответствует (финансирование не в динамике и отсутствуют целевые показатели), пункт 6 не соответствует ( не в динамике).На стр. 22 брошюры ошибка в заголовке годов. Раздел не структурирован.
A36: 26 | B36: Новоузенский | C36: Опубликован и содержит информацию по трем и более ключевым элементам | E36: =IF(C36=C5,3,IF(C36=C6,2,IF(C36=C7,1,0))) -> 1 | G36: 0.5 | H36: =E36*(1-F36)*(1-G36) -> 0.5 | I36: http://www.novouzensk.ru/budget%20for%20people/ | J36: Дата последнего изменения файла - 28.03.2017. Бюджет для граждан, разработанный на основе решения о бюджете, должен быть опубликован в течение 10 рабочих дней после принятия решения о бюджете муниципального образования. Отсутствуют пункты 1,4,5-7.
A37: 27 | B37: Озинский | C37: Опубликован и содержит информацию по пяти и более ключевым элементам | E37: =IF(C37=C5,3,IF(C37=C6,2,IF(C37=C7,1,0))) -> 2 | H37: =E37*(1-F37)*(1-G37) -> 2 | I37: http://ozinki.sarmo.ru/byudzhet/byudzhet-dlya-grazhdan.php?ELEMENT_ID=1054 | J37: Отсутствует пункт 5, пункт 4 не соответствует (отсутствуют целевые показатели). В таблицах не везде указаны единицы измерения!
A38: 28 | B38: Перелюбский | C38: Не опубликован или содержит информацию менее чем по трем ключевым элементам | D38: Раздел «Информация для населения». | E38: =IF(C38=C5,3,IF(C38=C6,2,IF(C38=C7,1,0))) -> 0 | H38: =E38*(1-F38)*(1-G38) -> 0 | I38: http://perelyub.sarmo.ru/index.php?option=com_content&view=category&layout=blog&id=72&Itemid=244&limitstart=5 | J38: По предоставленной ссылке http://perelyub.sarmo.ru/index.php?option=com_content&view=category&layout=blog&id=63&Itemid=172&limitstart=45 документ отсутствует. Раздел динамичный, нет жесткой привязки страниц. Необходимо создать разел "Бюджет для граждан" для размещения соответствующей информации.Отсутствуют пункты 1,4-7. Информация очекнь скудная. Два отдельных файла.
A39: 29 | B39: Петровский | C39: Опубликован и содержит информацию по пяти и более ключевым элементам | E39: =IF(C39=C5,3,IF(C39=C6,2,IF(C39=C7,1,0))) -> 2 | G39: 0.5 | H39: =E39*(1-F39)*(1-G39) -> 1 | I39: http://petrovsk64.ru/sub-org/fin-upr/otkrytyy-byudzhet/byudzhet-dlya-grazhdan | J39: Дата последнего изменения файла - 30.03.2017. Бюджет для граждан, разработанный на основе решения о бюджете, должен быть опубликован в течение 10 рабочих дней после принятия решения о бюджете муниципального образования. Пункт 4 не соответствует (целевые показатели не в динамике).
A40: 30 | B40: Питерский | C40: Не опубликован или содержит информацию менее чем по трем ключевым элементам | E40: =IF(C40=C5,3,IF(C40=C6,2,IF(C40=C7,1,0))) -> 0 | H40: =E40*(1-F40)*(1-G40) -> 0 | I40: http://piterka.sarmo.ru/byudzhet-piterskogo-mr/byudzhet-dlya-grazhdan/ | J40: Дата последнего изменения файла - 31.03.2017. Бюджет для граждан, разработанный на основе решения о бюджете, должен быть опубликован в течение 10 рабочих дней после принятия решения о бюджете муниципального образования. Отсутствует пункт 5, пункт 1 не соответствует (показатели, характеризующие численность и состав населения не в динамике 2015-2017 гг.), пункт 2 не соответствует (неналоговые доходы и безвозмездные поступления в разбивке не в динамике), пункт 3 не соответствует (не в динамике), пункт 4 не соответствует (не в динамике и отсутствуют целевые показатели), пункт 6 не соответствует (нет сведения на 01.01.2018 г.) По названию файла нельзя определить, про какой год идет речь. Под одной датой 29.12.2016 размещен и открытый бюджет для граждан на 2017 год и исполнение по 2015 году!
A41: 31 | B41: Пугачевский | C41: Опубликован и содержит информацию по трем и более ключевым элементам | E41: =IF(C41=C5,3,IF(C41=C6,2,IF(C41=C7,1,0))) -> 1 | H41: =E41*(1-F41)*(1-G41) -> 1 | I41: http://pugachev-adm.ru/ekonomika-rayona/byudzhet-rayona | J41: Отсутствуют: пункты: 1,5,6; пункт 4 не соответствует (не в динамике и отсутствуют целевые показатели). Раздел, где находится документ, не структурирован.
A42: 32 | B42: Ровенский | C42: Опубликован и содержит информацию по трем и более ключевым элементам | E42: =IF(C42=C5,3,IF(C42=C6,2,IF(C42=C7,1,0))) -> 1 | G42: 0.5 | H42: =E42*(1-F42)*(1-G42) -> 0.5 | I42: http://rovnoe.sarmo.ru/byudzhet/byudzhet-dlyagrazhdan/ | J42: Дата последнего изменения файла - 21.03.2017. Бюджет для граждан, разработанный на основе решения о бюджете, должен быть опубликован в течение 10 рабочих дней после принятия решения о бюджете муниципального образования.Отсутствуют пункты 5-6, пункт 4 не соответствует (нет финансирования в динамике и отсутствуют целевые показатели).
A43: 33 | B43: Романовский | C43: Опубликован и содержит информацию по пяти и более ключевым элементам | D43: Есть баннер. | E43: =IF(C43=C5,3,IF(C43=C6,2,IF(C43=C7,1,0))) -> 2 | G43: 0.5 | H43: =E43*(1-F43)*(1-G43) -> 1 | I43: http://romanovka.sarmo.ru/byudzhet-dlya-grazhdan/byudzhet-romanovskogo-munitsipalnogo-rayona/byudzhet-dlya-grazhdan.php | J43: Дата последнего изменения файла - 31.03.2017. Бюджет для граждан, разработанный на основе решения о бюджете, должен быть опубликован в течение 10 рабочих дней после принятия решения о бюджете муниципального образования. Пункт 4 не соответствует (целевые показатели не в динамике).
A44: 34 | B44: Ртищевский | C44: Опубликован и содержит информацию по пяти и более ключевым элементам | E44: =IF(C44=C5,3,IF(C44=C6,2,IF(C44=C7,1,0))) -> 2 | G44: 0.5 | H44: =E44*(1-F44)*(1-G44) -> 1 | I44: http://rtishevo.sarmo.ru/finansovyy-organ/rtishchevskiy-munitsipalnyy-rayon/2017-god/byudzhet-dlya-grazhdan/index.php | J44: Дата последнего изменения файла - 26.01.2017. Бюджет для граждан, разработанный на основе решения о бюджете, должен быть опубликован в течение 10 рабочих дней после принятия решения о бюджете муниципального образования. Отсутствует пункт 5.
A45: 35 | B45: Самойловский | C45: Не опубликован или содержит информацию менее чем по трем ключевым элементам | E45: =IF(C45=C5,3,IF(C45=C6,2,IF(C45=C7,1,0))) -> 0 | H45: =E45*(1-F45)*(1-G45) -> 0 | I45: http://sam64.ru/index.php?option=com_content&view=article&id=634&Itemid=242 | J45: По предоставленной ссылке размещен бюджет для граждан, разработанный на основе проекта решения о бюджете муниципального образования, который был оценен в показатели 8.2 мониторинг прошлого года. В целях оценки показателя учитывается публикация бюджета для граждан, разработанного на основе первоначально принятого решения о бюджете муниципального образования на текущий финансовый год (текущий финансовый год и плановый период).
A46: 36 | B46: Саратовский | C46: Опубликован и содержит информацию по пяти и более ключевым элементам | E46: =IF(C46=C5,3,IF(C46=C6,2,IF(C46=C7,1,0))) -> 2 | H46: =E46*(1-F46)*(1-G46) -> 2 | I46: http://saratov.sarmo.ru/index.php?option=com_content&view=article&id=5085&Itemid=512 | J46: Отсутствует пункт 5, пункт 4 не соответствует ( не по всем муниципальным программамм указаны целевые показатели).
A47: 37 | B47: Советский | C47: Опубликован и содержит информацию по трем и более ключевым элементам | E47: =IF(C47=C5,3,IF(C47=C6,2,IF(C47=C7,1,0))) -> 1 | H47: =E47*(1-F47)*(1-G47) -> 1 | I47: http://stepnoeadm.ru/?page_id=290 | J47: Пункт 1 не соответствует (отсутствуют показатели, характеризующие состав населения), пункт 4 не соответствует ( не по всем муниципальным программамм указано финансирование в динамике 2015-2017 годы, отсутствуют целевые показатели), пункт 5 не соответствует (под социально-значимыми проектами подразумеваются конкретные объекты (скверы, бассейны и т.д., а не соц.помощь).
A48: 38 | B48: Татищевский | C48: Опубликован и содержит информацию по пяти и более ключевым элементам | D48: Есть баннер, лилняя архивация одного файла. | E48: =IF(C48=C5,3,IF(C48=C6,2,IF(C48=C7,1,0))) -> 2 | G48: 0.5 | H48: =E48*(1-F48)*(1-G48) -> 1 | I48: http://tatishevo.saratov.gov.ru/index.php?option=com_content&view=article&id=Itemid=1827 | J48: Дата последнего изменения файла - 04.04.2017. Бюджет для граждан, разработанный на основе решения о бюджете, должен быть опубликован в течение 10 рабочих дней после принятия решения о бюджете муниципального образования. Пункт 4 не соответствует ( не по всем муниципальным программам представлены целевые показатели).
A49: 39 | B49: Турковский | C49: Опубликован и содержит информацию по трем и более ключевым элементам | E49: =IF(C49=C5,3,IF(C49=C6,2,IF(C49=C7,1,0))) -> 1 | H49: =E49*(1-F49)*(1-G49) -> 1 | I49: http://turki.sarmo.ru/sobranie-deputatov-turkovskogo-munitsipalnogo-rayona/dokumenty/byudzhet/byudzhet-dlya-grazhdan/ | J49: Отсутствует пункт 5, пункт 1 не соответствует (отсутствуют показатели, характеризующие состав населения), пункт 4 не соответствует (финансирование в динамике 2015-2017 годы, отсутствуют целевые показатели)
A50: 40 | B50: Федоровский | C50: Опубликован и содержит информацию по трем и более ключевым элементам | E50: =IF(C50=C5,3,IF(C50=C6,2,IF(C50=C7,1,0))) -> 1 | H50: =E50*(1-F50)*(1-G50) -> 1 | I50: http://mokrous.fedrayon.ru/index.php?option=com_content&view=article&id=291&Itemid=285 | J50: Отсутствует пункт 5, пункт 4 не соответствует ( не по всем муниципальным программамм указано финансирование в динамике 2015-2017 годы и целевые показатели), пункт 6 не соответствует (нет данных на 01.01.2016 и 01.01.2017). Слишком много информации на одной страниц! Раздел не структурирован.
A51: 41 | B51: Хвалынский | C51: Опубликован и содержит информацию по трем и более ключевым элементам | E51: =IF(C51=C5,3,IF(C51=C6,2,IF(C51=C7,1,0))) -> 1 | G51: 0.5 | H51: =E51*(1-F51)*(1-G51) -> 0.5 | I51: http://hvalynsk.sarmo.ru/administratsiya-khvalynskogo-munitsipalnogo-rayona/byudzhet/byudzhet-2017.php | J51: Дата последнего изменения файла - 26.01.2017. Бюджет для граждан, разработанный на основе решения о бюджете, должен быть опубликован в течение 10 рабочих дней после принятия решения о бюджете муниципального образования.Отсутствуют пункты 5,6, пункт 1 не соответствует (отсутствуют показатели, характеризующие объемы производства, численность и состав населения), пункт 4 не соответствует (не в динамике и отсутствуют целевые показатели). Раздел не структурирован.
A52: 42 | B52: Энгельсский | C52: Не опубликован или содержит информацию менее чем по трем ключевым элементам | E52: =IF(C52=C5,3,IF(C52=C6,2,IF(C52=C7,1,0))) -> 0 | H52: =E52*(1-F52)*(1-G52) -> 0 | I52: http://engels-city.ru/byudzhet-dlya-grazhdan | J52: Отсутствуют пункты 4,5, пункт 1 не соответствует (показатели, характеризующие численность и состав населения не в динамике 2015-2017 гг.), пункт 3 не соответствует ( не в динамике: факт 2015 г., оценка 2016г., план 2017 г), пункт 6 не соответствует (не в разбивку по видам заимствования и не в динамике).

Sheet Параметры
A1: Календарный период | B1: 2015
A3: Форматы | B3: машиночитаемый
B4: графический | C4: 0.5

Sheet Раздел 2
A1: 2.1 Итоговое значение рейтинга открытости и прозрачности муниципальных учреждений
A2: Источник информации | C2: Официальный сайт Российской Федерации для размещения информации о государственных (муниципальных) учреждениях (http://bus.gov.ru/pub/rating-institutions)
A3: Дата проведения оценки | C3: 42829
A4: № п/п | B4: Наименование муниципального образования Саратовской обалсти | C4: ='Методика I этап'!B19 -> Итоговое значение рейтинга открытости и прозрачности муниципальных учреждений муниципального образования, представленного на официальном сайте в сети Интернет www.bus.gov.ru | D4: Оценка показателя 2.1
C5: 0,95 и более | D5: баллы
C6: 0,9 и более
C7: 0,8 и более
C8: менее 0,8
B9: Городские округа
A10: 1 | B10: г. Саратов | C10: 0.9299 | D10: =IF(C10>0.8,IF(C10>0.9,IF(C10>0.95,3,2),1),0) -> 2
A11: 2 | B11: ЗАТО Михайловское | C11: 0.6857 | D11: =IF(C11>0.8,IF(C11>0.9,IF(C11>0.95,3,2),1),0) -> 0
A12: 3 | B12: ЗАТО Светлый | C12: 0.7063 | D12: =IF(C12>0.8,IF(C12>0.9,IF(C12>0.95,3,2),1),0) -> 0
A13: 4 | B13: ЗАТО Шиханы | C13: 0.6182 | D13: =IF(C13>0.8,IF(C13>0.9,IF(C13>0.95,3,2),1),0) -> 0
B14: Муниципальные районы
A15: 5 | B15: Александрово-Гайский | C15: 0.856 | D15: =IF(C15>0.8,IF(C15>0.9,IF(C15>0.95,3,2),1),0) -> 1
A16: 6 | B16: Аркадакский | C16: 0.9028 | D16: =IF(C16>0.8,IF(C16>0.9,IF(C16>0.95,3,2),1),0) -> 2
A17: 7 | B17: Аткарский | C17: 0.8388 | D17: =IF(C17>0.8,IF(C17>0.9,IF(C17>0.95,3,2),1),0) -> 1
A18: 8 | B18: Базарно-Карабулакский | C18: 0.8623 | D18: =IF(C18>0.8,IF(C18>0.9,IF(C18>0.95,3,2),1),0) -> 1
A19: 9 | B19: Балаковский | C19: 0.9322 | D19: =IF(C19>0.8,IF(C19>0.9,IF(C19>0.95,3,2),1),0) -> 2
A20: 10 | B20: Балашовский | C20: 0.4333 | D20: =IF(C20>0.8,IF(C20>0.9,IF(C20>0.95,3,2),1),0) -> 0
A21: 11 | B21: Балтайский | C21: 0.775 | D21: =IF(C21>0.8,IF(C21>0.9,IF(C21>0.95,3,2),1),0) -> 0
A22: 12 | B22: Вольский | C22: 0.8575 | D22: =IF(C22>0.8,IF(C22>0.9,IF(C22>0.95,3,2),1),0) -> 1
A23: 13 | B23: Воскресенский | C23: 0.5125 | D23: =IF(C23>0.8,IF(C23>0.9,IF(C23>0.95,3,2),1),0) -> 0
A24: 14 | B24: Дергачевский | C24: 0.7978 | D24: =IF(C24>0.8,IF(C24>0.9,IF(C24>0.95,3,2),1),0) -> 0
A25: 15 | B25: Духовницкий | C25: 0.8478 | D25: =IF(C25>0.8,IF(C25>0.9,IF(C25>0.95,3,2),1),0) -> 1
A26: 16 | B26: Екатериновский | C26: 0.6375 | D26: =IF(C26>0.8,IF(C26>0.9,IF(C26>0.95,3,2),1),0) -> 0
... A52: 42 | B52: Энгельсский | C52: 0.7802 | D52: =IF(C52>0.8,IF(C52>0.9,IF(C52>0.95,3,2),1),0) -> 0
